AoeStats
← uli2099

MegaRandom

509614204Analyzed
2v2 RM · 6d ago on Sep 27, 2026· 21m 53s· 4 players
Game mode
Random Map
Map size
Medium (4 player)
Population
200
Speed
Normal
Resources
Standard
Victory
Conquest
Starting age
Dark Age
Ending age
Imperial Age
RankedLock teamsTeams togetherTeam positionsShared explorationLock speedFull tech treeHidden civsTurbo modeCheats
Victory
Defeat
🇩🇪 Persians · Germany
1195
+14
🇲🇽 Vikings · Mexico
1160
+15
🇹🇷 Ethiopians · Türkiye
1156
-15
🇺🇸 Burgundians · United States
1123
-14
adnanca
1:01 Loom
9:55 Feudal Age
15:53 Castle Age
14:20 Double-Bit Axe
21:47 Wheelbarrow
21:16 Gold Mining
O.Bender
0:31 Loom
4:00 Double-Bit Axe
10:38 Feudal Age
10:39 Horse Collar
10:44 Man-at-Arms
15:11 Forging
15:36 Arson
daniel8a1552
9:30 Feudal Age
7:49 Loom
15:54 Castle Age
15:14 Double-Bit Axe
18:47 Squires
20:39 Scale Mail Armor
21:02 Arson
22:08 Forging
uli2099
0:38 Loom
9:13 Feudal Age
10:08 Double-Bit Axe
11:36 Horse Collar
13:08 Forging
14:38 Scale Barding Armor
16:12 Wheelbarrow
21:52 Castle Age
21:17 Gold Mining
Connection lost

Rejoining the realm…

Still unreachable

The connection could not be restored.

Session expired

The server has moved on; the page needs a fresh start.